 Dungeon Crawl Stone Soup version 0.27.0-1-g7a089689b8 (webtiles) character file.

Game seed: 7522786844840744657

133 vvl the Firebug (level 4, -3/31 (32) HPs)
             Began as a Demonspawn Fire Elementalist on Aug 6, 2021.
             Slain by an iron imp (9 damage)
             ... summoned by Natasha
             ... on level 3 of the Dungeon.
             The game lasted 00:05:16 (2517 turns).

vvl the Firebug (Demonspawn Fire Elementalist)      Turns: 2517, Time: 00:05:17

HP:   -3/31 (32)    AC:  2    Str:  9    XL:     4   Next: 94%
MP:   0/7           EV: 12    Int: 17    God:
Gold: 94            SH:  0    Dex: 13    Spells: 7/8 levels left

rFire    . . .     SeeInvis .   e - +1 dagger (venom)
rCold    . . .     Faith    .   (no shield)
rNeg     . . .     Spirit   +   a - +0 robe
rPois    .         Reflect  .   (no helmet)
rElec    .         Harm     .   (no cloak)
rCorr    .         Rampage  .   (no gloves)
Will     .....                  (no boots)
Stlth    ++........             (no amulet)
HPRegen  0.10/turn              (no ring)
MPRegen  0.20/turn              (no ring)

@: lightly drained
A: magic shield, magic regeneration
a: no special abilities


You were on level 3 of the Dungeon.
You visited 1 branch of the dungeon, and saw 3 of its levels.

You collected 94 gold pieces.

Inventory:

Hand Weapons
 b - a +0 war axe
 e - a +1 dagger of venom (weapon)
Armour
 a - a +0 robe (worn)
 c - a +0 ring mail
Jewellery
 h - an amulet of reflection
Scrolls
 f - a scroll of blinking {unknown}
 j - a scroll of teleportation {unknown}
 k - a scroll of torment {unknown}
 l - a scroll of identify {unknown}
Potions
 d - a potion of curing
 g - a potion of might {unknown}
 i - a potion of magic {unknown}


   Skills:
 + Level 1.1 Fighting
 - Level 2.0 Dodging
 - Level 2.0 Stealth
 + Level 0.9 Shields
 + Level 2.6 Spellcasting
 + Level 1.7 Conjurations
 + Level 1.3 Necromancy
 * Level 3.4 Fire Magic
 + Level 1.1 Earth Magic


You had 7 spell levels left.
You knew the following spells:

 Your Spells              Type           Power      Damage    Failure   Level
a - Foxfire               Conj/Fire      40%        2x1d6     6%          1

Your spell library contained the following spells:

 Spells                   Type           Power      Damage    Failure   Level
 Animate Skeleton         Necr           12%        N/A       11%         1
 Pain                     Necr           24%        1d5       11%         1
 Conjure Flame            Conj/Fire      10%        6-21      19%         3
 Inner Flame              Hex/Fire       8%         N/A       26%         3
 Slow                     Hex            2%         N/A       28%         2
 Vampiric Draining        Necr           3%         2d6       30%         3
 Confusing Touch          Hex            2%         N/A       50%         3
 Sticky Flame             Conj/Fire      10%        2d3       54%         4
 Fireball                 Conj/Fire      5%         3d5       87%         5


Dungeon Overview and Level Annotations

Branches:
Dungeon (3/15)

Altars:

Annotations:
D:3 Natasha


Innate Abilities, Weirdness & Mutations

When hurt, damage is shared between your health and your magic reserves.
You regenerate magic rapidly.


Message History

You hit the rat.
You kill the rat!
No target in view!
No target in view!
No target in view!
Found 17 arrows.
Found a stone staircase leading down.
l - a scroll labelled POOXZI UTU You now have 94 gold pieces (gained 6).
A black bear and Natasha come into view.
Found 12 gold pieces.
There are monsters nearby!
The helpless Natasha fails to defend herself.
You puncture Natasha!
Natasha is severely wounded.
Natasha claws you!
You hit Natasha.
Natasha is severely wounded.
Natasha casts a spell.
You hit Natasha.
Natasha is poisoned.
Natasha is almost dead.
Natasha closely misses you. The white imp hits you. The white imp freezes you.
You hit Natasha.
You kill Natasha!
Moaning pathetically, Natasha's spirit plunges into the ground.
The white imp disappears in a puff of smoke!
You start resting.
Magic restored.
You start resting.
Natasha, Servant of Life and Death comes into view.
Natasha mumbles some strange words.
A kobold comes into view. It is wielding a +0 whip.
You hit Natasha but do no damage. The iron imp hits you.
Natasha casts a spell at you. The magic dart hits you!
You completely miss Natasha. The iron imp hits you. Natasha barely misses you.
Unknown command.
You closely miss Natasha. Natasha claws you!
* * * LOW HITPOINT WARNING * * *
The iron imp hits you!
You die...

....#####.# #..
.... #.### #.# #.#
.... #.# #.#
#.##... #.# #.#
#.#... #.# #.#
#.#.# #.# #.#
#(.K# #.#
####.####...# #.#
#.........h5#
#.####.##.####.#@#
#......##.....>..#
###############..#
#..# #..####^####
#.....$..h..
#...######## #####


You could see an iron imp (summoned), Natasha and a kobold.

Vanquished Creatures
  Natasha (D:3)
  5 adders
  A worm (D:2)
  4 dart slugs
  2 orcs (D:3)
  2 ball pythons
  2 endoplasms
  2 giant cockroaches
  6 goblins
  7 hobgoblins
  3 jackals (D:2)
  A kobold (D:2)
  4 quokkas
  3 frilled lizards
  6 rats
49 creatures vanquished.

Vanquished Creatures (others)
  104 foxfires
104 creatures vanquished.

Grand Total: 153 creatures vanquished

Notes
Turn   | Place    | Note
-------+----------+-------------------------------------------
     0 | D:1      | vvl the Demonspawn Fire Elementalist began the quest for
                  | the Orb.
     0 | D:1      | Reached XP level 1. HP: 13/13 MP: 3/3
   286 | D:1      | Gained mutation: You regenerate magic rapidly. [demonic
                  | ancestry]
   286 | D:1      | Reached XP level 2. HP: 18/19 MP: 1/5
   321 | D:1      | Found a faded altar of an unknown god.
   754 | D:1      | Reached skill level 3 in Fire Magic
   862 | D:2      | Gained mutation: When hurt, damage is shared between your
                  | health and your magic reserves. [demonic ancestry]
   862 | D:2      | Reached XP level 3. HP: 17/25 MP: 6/6
  1077 | D:2      | Reached skill level 1 in Necromancy
  1532 | D:2      | Reached XP level 4. HP: 22/31 MP: 5/7
  1680 | D:2      | Reached skill level 1 in Fighting
  2024 | D:2      | Reached skill level 1 in Earth Magic
  2484 | D:3      | Noticed Natasha
  2484 | D:3      | Noticed a black bear
  2489 | D:3      | Killed Natasha
  2511 | D:3      | Noticed Natasha
  2517 | D:3      | Slain by an iron imp

Illustrated notes

Levels and vault maps discovered:
D:1:      dpeg_arrival_three_bigger_balls, layout_basic,
          ebering_ecumenical_altar_mist
D:2:      layout_basic
D:3:      layout_loops_ring, lemuel_tele_altar, nicolae_vehumet_radiance,
          uniq_natasha, uniq_terence

Skill      XL: |  1  2  3  4 |
---------------+-------------+-----
Stealth        | 2 |  2.0
Fire Magic     | 3 |  3.4
Dodging        | 2 |  2.0
Necromancy     | 1 |  1.3
Fighting       | 1 |  1.1
Earth Magic    | 1 |  1.1
Shields        | |  0.9
Spellcasting   | |  2.6
Conjurations   | |  1.7

Action                   |  1- 3 |  4- 6 || total
-------------------------+-------+-------++-------
Melee: War axe           |    41 |       ||    41
       Dagger            |     8 |    34 ||    42
 Cast: Foxfire           |    26 |    33 ||    59
  Use: Potion            |     1 |       ||     1
 Stab: Sleeping          |     2 |     5 ||     7
Armor: Robe              |     6 |     4 ||    10
Dodge: Dodged            |    32 |    12 ||    44
